[Event "Božićni turnir u VaraždinskimToplicama 26.12.2025."]
[Site "Varazdinske Toplice, Croatia"]
[Date "2025.12.26"]
[Round "1.1"]
[White "Damjanic-Fistrek, Leon"]
[Black "Segovic, Goran"]
[Result "0-1"]
[TimeControl "10"]
[WhiteFideId "556001282"]
[BlackFideId "14508842"]
[WhiteElo "1666"]
[BlackElo "2324"]

1. e4 e5 2. Nf3 Nc6 3. Bc4 Nf6 4.
O-O Be7 5. Re1 O-O 6. c3 d6 7. d3 a6 8.
Bg5 Na5 9. Bb3 Nxb3 10. Qxb3 Nd7 11. Bxe7 Qxe7 12. Nbd2 Nc5 13. Qc2 Ne6 14. d4 Nf4 15. Nf1 Bg4 16. N3d2 exd4 17. cxd4 Ne2+ 18.
Kh1 Nxd4 19. Qd3 Nc6 20. Qg3 Be6 21. Ne3 Qf6 22. b3 Rfe8 23. f4 Qb2 24. f5 Qxd2 25. fxe6 Rxe6 26. Nd5 Rc8 27.
Qf3 Ne5 28. Qh5 c6 29. Nb6 Rce8 30. Rf1 Rg6 31. Qh3 Ng4 32. Qf3 f6 33. Rad1 Qh6 34. h3 Ne3 35. Rxd6 Nxf1 36. Qxf1 Qe3 37.
Qc4+ Kh8 38. Qf7 Qxe4 39. Nd7 Qxg2# 0-1

[Event "Božićni turnir u VaraždinskimToplicama 26.12.2025."]
[Site "Varazdinske Toplice, Croatia"]
[Date "2025.12.26"]
[Round "1.2"]
[White "Petrus, Adrian"]
[Black "Filipovic, Dragan"]
[Result "1-0"]
[TimeControl "10"]
[WhiteFideId "14573652"]
[BlackFideId "14629119"]
[WhiteElo "1636"]
[BlackElo "1471"]

1. e4 Nc6 2. Nf3 d6 3. d4 e6 4. Nc3 a6 5. h3 g6 6. Be3 Bg7 7. Qd2 e5 8. O-O-O b5 9. Nd5 exd4 10.
Nxd4 Nxd4 11. Bxd4 Nf6 12. Nxf6+ Bxf6 13. Bxf6 Qxf6 14. Qd5 Rb8 15. Qc6+ Bd7 16. Qxc7 Rc8 17. Qxd6 Qxd6 18. Rxd6 a5 19. Be2 Ke7 20. Rhd1 Rc7 21. c3 Rhc8 22. e5 b4 23.
Rxd7+ Rxd7 24. Rxd7+ Kxd7 25. Bg4+ Kc7 26. Bxc8 Kxc8 27. cxb4 axb4 28. Kd2 Kd7 29. Kd3 Ke6 30. Ke4 h6 31. a4 bxa3 32. bxa3 Kd7 33. Kd5 Kc7 34. f4 h5 35.
g4 h4 36. f5 1-0

[Event "Božićni turnir u VaraždinskimToplicama 26.12.2025."]
[Site "Varazdinske Toplice, Croatia"]
[Date "2025.12.26"]
[Round "1.3"]
[White "Pisonic, Ivan"]
[Black "Vidovic, Sasa"]
[Result "0-1"]
[TimeControl "10"]
[WhiteFideId "14576503"]
[BlackFideId "14505010"]
[WhiteElo "1480"]
[BlackElo "2202"]

1. e4 d6 2. Nf3 Nf6 3.
Nc3 e5 4. d4 exd4 5. Nxd4 Be7 6.
Be2 O-O 7. O-O Re8 8. Re1 c6 9. b3 a5 10. Bb2 Na6 11. a3 Nc5 12. Bd3 Bf8 13. Kh1 Ng4 14. Qd2 Qh4 15. h3 Nxf2+ 16. Kg1 Nfxd3 17. cxd3 g6 18.
b4 Ne6 19. Nf3 Qh6 20. Qxh6 Bxh6 21. Ne2 Bg7 22. Bxg7 Kxg7 23. Ned4 Nf4 24. bxa5 Nxd3 25. Re2 Nf4 26. Ree1 Rxa5 27.
Nb3 Ra4 28. Nbd2 Be6 29. e5 Nd3 30. Re3 Nxe5 31. Nxe5 dxe5 32. Rxe5 Rea8 33. Re3 Bd5 34. Nb1 b5 35. Nc3 Rxa3 36. Rxa3 Rxa3 37. Nxd5 Ra1+ 38. Kh2 cxd5 39. Rb3 Ra5 40. Kg3 Kf6 41. Kf4 Ra4+ 42. Ke3 b4 43. Kd4 Ke6 44. Re3+ Kd6 45. Re8 b3+ 46. Kc3 Ra2 47. Kxb3 Rxg2 48. Re3 f5 49.
Kc3 f4 50. Rf3 Rg3 0-1

[Event "Božićni turnir u VaraždinskimToplicama 26.12.2025."]
[Site "Varazdinske Toplice, Croatia"]
[Date "2025.12.26"]
[Round "1.4"]
[White "Radic, Goran"]
[Black "Veber, Tibor"]
[Result "1-0"]
[TimeControl "10"]
[WhiteFideId "14533995"]
[BlackFideId "14654873"]
[WhiteElo "2051"]
[BlackElo "1334"]

1. d4 Nf6 2. Nc3 d5 3. Bf4 e6 4. e3 c6 5. Bd3 Nbd7 6. h3 Nb6 7. Nf3 Be7 8. Qe2 Bd6 9. Bxd6 Qxd6 10.
O-O O-O 11. e4 dxe4 12. Nxe4 Nbd5 13. Nxd6 Rd8 14. Ne4 Nf4 15. Nxf6+ gxf6 16. Qe4 Ng6 17. h4 f5 18. Qe3 f4 19.
Qe4 f5 20. Qe2 h6 21. h5 Ne7 22. Rfe1 Nd5 23. Ne5 Kh7 24. Ng6 Rg8 25. c4 Nf6 26. Nxf4 Bd7 27. Qe5 Raf8 28. Nxe6 Bxe6 29.
Qxe6 Rg7 30. Bxf5+ Kh8 31. Bg6 Rfg8 32. Qxf6 1-0

[Event "Božićni turnir u VaraždinskimToplicama 26.12.2025."]
[Site "Varazdinske Toplice, Croatia"]
[Date "2025.12.26"]
[Round "1.5"]
[White "Kunovac, Matija"]
[Black "Zelenika, Zoran"]
[Result "0-1"]
[TimeControl "10"]
[WhiteFideId "79325998"]
[BlackFideId "14534452"]
[WhiteElo "1652"]
[BlackElo "2031"]

1. e4 c5 2. Nf3 e6 3.
c3 d5 4.
exd5 exd5 5. d4 Nc6 6. Bf4 Bd6 7. Bg3 Bxg3 8. hxg3 Bg4 9. Nbd2 cxd4 10. cxd4 Qa5 11. Qb3 Nge7 12. Ne5 Be6 13.
Qb5 Qxb5 14. Bxb5 O-O 15. Bd3 g6 16. Nef3 Bf5 17. Bxf5 Nxf5 18. Nb3 a5 19. a4 Nb4 20. Kd2 Nd6 21.
Ng5 f6 22. Rxh7 fxg5 23. Rah1 Ne4+ 24. Kc1 Nd3+ 25. Kb1 Ndxf2 26. Rh8+ Kg7 27. R8h7+ Kf6 28. Rf1 Ke6 29. Rxb7 Rab8 30. Rxb8 Rxb8 31. Nc5+ Nxc5 32. dxc5 Ne4 33. Re1 Rb4 34.
Kc2 Rc4+ 35. Kb3 Rxc5 36. Ka3 Kd6 37. Re3 Rc4 38. b3 Rc3 39. Rxc3 Nxc3 40. b4 axb4+ 41. Kxb4 Nxa4 42. Kxa4 Ke5 43. Kb3 Ke4 44. Kc3 Ke3 45. Kc2 Kf2 46. Kd3 Kxg2 47. Kd4 Kxg3 48. Kxd5 Kf3 49. Ke5 g4 0-1

[Event "Božićni turnir u VaraždinskimToplicama 26.12.2025."]
[Site "Varazdinske Toplice, Croatia"]
[Date "2025.12.26"]
[Round "1.6"]
[White "Mravunac, Damir"]
[Black "Petrus, Mladen"]
[Result "1-0"]
[TimeControl "10"]
[WhiteFideId "14502810"]
[BlackFideId "14575884"]
[WhiteElo "2044"]
[BlackElo "1577"]

1. f4 Nc6 2. Nf3 e6 3. b3 d5 4.
e3 Nf6 5. Bb5 Bd7 6. Bb2 Be7 7. O-O a6 8. Bxc6 Bxc6 9. d3 O-O 10. Qe1 h6 11. Nbd2 Nh7 12. Ne5 Bf6 13. Ndf3 Qd6 14.
g4 Bxe5 15. Bxe5 Qe7 16. h4 f6 17. Bb2 Bd7 18. Qg3 c5 19. a4 b5 20. a5 Rac8 21. Rf2 Bc6 22. Rg2 Rf7 23. Rh2 Qd6 24.
Rf1 d4 25. e4 Rcf8 26. b4 Kh8 27. bxc5 Qxc5 28. Bxd4 Qd6 29. g5 fxg5 30. hxg5 Qxf4 31. Qxf4 Rxf4 32. gxh6 Rg4+ 33. Kh1 Rf7 34.
hxg7+ Kg8 35. Rff2 Rg3 36. Rxh7 Rgxg7 37. Rxg7+ Rxg7 38. Bxg7 Kxg7 39. Ne5 Bb7 40. Rf7+ 1-0

[Event "Božićni turnir u VaraždinskimToplicama 26.12.2025."]
[Site "Varazdinske Toplice, Croatia"]
[Date "2025.12.26"]
[Round "1.7"]
[White "Juras, Ivan"]
[Black "Sagovac, Kristijan"]
[Result "0-1"]
[TimeControl "10"]
[WhiteFideId "14523981"]
[BlackFideId "14542960"]
[WhiteElo "1705"]
[BlackElo "2014"]

1. g3 g6 2. Bg2 Bg7 3. e3 c6 4. Ne2 d5 5. O-O Nf6 6.
b3 O-O 7. Bb2 Re8 8. d3 e5 9. Nd2 Bf5 10. h3 h5 11. f4 exf4 12. exf4 Qb6+ 13.
Kh2 Na6 14. Nd4 Bd7 15. a3 Ng4+ 16. hxg4 Bxg4 17. Bf3 Bxf3 18. Qxf3 Bxd4 19. Bxd4 Qxd4 20. Qf2 Qxf2+ 21. Rxf2 Re3 22.
Nf3 Rae8 23. Ne5 Kg7 24. Kg2 f6 25. Nf3 Nc7 26. Kf1 Nb5 27. Re1 Nd6 28. Rxe3 Rxe3 29. Kg2 Nf5 30. Rd2 g5 31.
Kf2 Kg6 32. c4 d4 33. b4 Re8 34. fxg5 fxg5 35. a4 b6 36. b5 c5 37. Ng1 Re3 38. Nf3 g4 39. Nh4+ Nxh4 40. gxh4 Rh3 41. Re2 Rh2+ 42. Kf1 Rxe2 43.
Kxe2 Kf5 44. Kf2 Kf4 45. Kg2 Ke3 46.
Kg3 Kxd3 47. Kf4 Kxc4 48. Kg5 g3 49. Kxh5 g2 0-1

[Event "Božićni turnir u VaraždinskimToplicama 26.12.2025."]
[Site "Varazdinske Toplice, Croatia"]
[Date "2025.12.26"]
[Round "1.8"]
[White "Sostaric, Denis"]
[Black "Maurovic, Simun"]
[Result "1-0"]
[TimeControl "10"]
[WhiteFideId "14615851"]
[BlackFideId "79319513"]
[WhiteElo "1868"]
[BlackElo "1640"]

1. e4 d6 2. d4 Nf6 3. Nc3 Nbd7 4. Nf3 e5 5. Bc4 Be7 6. a4 O-O 7. O-O c6 8. Re1 Qc7 9. Bd3 Re8 10.
b3 Nf8 11. h3 Be6 12. Ba3 Ng6 13. Bf1 Nf4 14.
Kh2 Rad8 15. g3 Ng6 16. Qe2 h6 17. Rad1 Nd7 18. Bb2 f5 19. d5 fxe4 20. Qxe4 Bf7 21. Bc4 Ndf8 22. dxc6 bxc6 23.
Bxf7+ Kxf7 24. Qc4+ d5 25. Nxd5 Qb8 26. Nc7+ 1-0

[Event "Božićni turnir u VaraždinskimToplicama 26.12.2025."]
[Site "Varazdinske Toplice, Croatia"]
[Date "2025.12.26"]
[Round "1.9"]
[White "Kerman, Josip"]
[Black "Bozinovic, Bogdan"]
[Result "0-1"]
[TimeControl "10"]
[WhiteFideId "14517906"]
[BlackFideId "14502593"]
[WhiteElo "1582"]
[BlackElo "2129"]

1. d4 Nf6 2. c4 c5 3. d5 e6 4. Nc3 exd5 5. cxd5 d6 6. e4 g6 7. g3 Bg7 8. Bg2 O-O 9. Nge2 Re8 10. Qc2 Na6 11. a3 Nc7 12.
O-O Rb8 13. Rb1 b5 14. b4 cxb4 15. axb4 Nd7 16. Be3 Nb6 17. Nd4 Bd7 18. Nce2 Nc4 19. Nc6 Nxe3 20. fxe3 Bxc6 21. Qxc6 Rb6 22.
Qc2 Qd7 23. Nd4 Ra8 24. Rfc1 Ne8 25. Nc6 Nf6 26. Qe2 Ng4 27. Bh3 h5 28. Bxg4 hxg4 29. Rf1 Re8 30. Rf4 a6 31. Rbf1 Rf8 32.
Qxg4 Qb7 33. Rxf7 Rxf7 34. Qe6 Qd7 35. Rxf7 Qxf7 36. Qxd6 Bf8 37. Qf4 Rb7 38. Qxf7+ Rxf7 39. e5 Rc7 40.
e6 Rxc6 41. dxc6 Bd6 42. Kf2 Kg7 43.
Kf3 Kf6 44. Ke4 Kxe6 45. Kd4 Bxb4 46.
e4 Bd6 47. Ke3 a5 48. Kd4 a4 0-1

[Event "Božićni turnir u VaraždinskimToplicama 26.12.2025."]
[Site "Varazdinske Toplice, Croatia"]
[Date "2025.12.26"]
[Round "1.10"]
[White "Vukmirovic, Dusan"]
[Black "Petric, Martin"]
[Result "1-0"]
[TimeControl "10"]
[WhiteFideId "938785"]
[BlackFideId "79326498"]
[WhiteElo "2082"]
[BlackElo "1615"]

1. e4 e6 2. d4 d5 3. Bd3 c5 4. c3 Nc6 5. Ne2 Qb6 6. O-O cxd4 7. Nxd4 Bc5 8. Nb3 Nge7 9. Nxc5 Qxc5 10.
Nd2 a6 11. Nb3 Qa7 12. Be3 b6 13. a4 a5 14. Nd4 Ne5 15. Nb5 Qb8 16. Bf4 N7g6 17. Bg3 O-O 18. Re1 Qb7 19. Nd6 Qc6 20.
Nxc8 Raxc8 21. exd5 Qxd5 22. Bxe5 Nxe5 23. Bxh7+ Kxh7 24. Qh5+ Kg8 25. Rxe5 Qd3 26. Re3 Qc2 27. Rh3 1-0

[Event "Božićni turnir u VaraždinskimToplicama 26.12.2025."]
[Site "Varazdinske Toplice, Croatia"]
[Date "2025.12.26"]
[Round "1.12"]
[White "Hergotic, Ivica"]
[Black "Zlatar, Mario"]
[Result "1-0"]
[TimeControl "10"]
[WhiteFideId "14523884"]
[BlackFideId "79301290"]
[WhiteElo "2054"]
[BlackElo "1609"]

1. e4 b6 2. d4 Bb7 3. Bd3 g6 4. f4 d5 5. e5 Bg7 6. Ne2 f6 7. Ng3 e6 8. exf6 Nxf6 9. Qe2 Nc6 10. c3 Qd7 11. Nd2 O-O-O 12. Nf3 Rhf8 13. b4 h5 14. Bxg6 e5 15. Bf5 Qxf5 16. Nxf5 Bh8 17. Nxe5 Ne4 18. Qxh5 Nxc3 19. O-O Nxb4 20. Bd2 Bxe5 21. fxe5 Rh8 22. Qg4 Rdg8 23. Ne7+ Kb8 24. Qxg8+ Rxg8 25. Nxg8 Ne2+ 26. Kh1 Nc2 27. Rae1 Nexd4 28. Rf8+ Bc8 29.
Ne7 Kb7 30. Nxc8 Nxe1 31. Bxe1 Ne2 32. e6 1-0

[Event "Božićni turnir u VaraždinskimToplicama 26.12.2025."]
[Site "Varazdinske Toplice, Croatia"]
[Date "2025.12.26"]
[Round "1.13"]
[White "Milinovic, Ivan"]
[Black "Sardi, Darko"]
[Result "0-1"]
[TimeControl "10"]
[WhiteFideId "14524244"]
[BlackFideId "14511100"]
[WhiteElo "1599"]
[BlackElo "1905"]

1. e4 Nf6 2. Nc3 d5 3.
exd5 Nxd5 4. Nxd5 Qxd5 5. b3 e5 6. Bb2 Nc6 7. Nf3 f6 8. Bc4 Qe4+ 9. Be2 Bf5 10.
d3 Qd5 11. O-O O-O-O 12. Nh4 Be6 13. c4 Qd7 14. Qc2 g5 15. Nf3 h5 16. Rfd1 h4 17. h3 g4 18. hxg4 Bxg4 19. Nh2 Bf5 20.
f4 Nd4 21. Bxd4 Qxd4+ 22. Kh1 exf4 23. Nf3 Qe3 24. Qc3 Be7 25. Bf1 h3 26. Re1 hxg2+ 27. Kxg2 Rdg8+ 0-1

[Event "Božićni turnir u VaraždinskimToplicama 26.12.2025."]
[Site "Varazdinske Toplice, Croatia"]
[Date "2025.12.26"]
[Round "1.14"]
[White "Hostnjak, Hrvoje"]
[Black "Vidovic, Bojan"]
[Result "1/2-1/2"]
[TimeControl "10"]
[WhiteFideId "14551470"]
[BlackFideId "14610060"]
[WhiteElo "1704"]
[BlackElo "1476"]

1. e4 e5 2. Nc3 Bc5 3.
g3 Nf6 4. Bg2 a6 5. Nge2 Nc6 6. O-O O-O 7. d3 h6 8. h3 d6 9. Kh2 Nh7 10. f4 f6 11. b3 Nd4 12. Bb2 Nxe2 13.
Nxe2 Bd7 14. d4 Ba7 15. fxe5 fxe5 16. dxe5 Bc6 17. exd6 Qxd6 18. Qxd6 cxd6 19. Rad1 Rxf1 20. Rxf1 Rf8 21.
Rxf8+ Kxf8 22. Nf4 Kf7 23. Nd5 Nf6 24. g4 b5 25. Kg3 Bg1 26. h4 Nxd5 27. exd5 Bd7 28. Be4 Be3 29. Kf3 Bd2 30.
c4 g5 31. hxg5 hxg5 32. Bd4 Bf4 33. c5 dxc5 34. Bxc5 Kf6 35. a3 Ke5 36. d6 Kf6 37.
Bb7 a5 38. Bb6 a4 39. bxa4 bxa4 40. Bc5 Ke6 41. Ba6 Bxd6 42. Bxd6 Kxd6 43. Bd3 Kc5 44. Bf5 Bc6+ 45. Ke3 Kc4 46. Be6+ Kc3 47. Ke2 Kb2 48. Kd3 Kxa3 49.
Kc3 1/2-1/2

[Event "Božićni turnir u VaraždinskimToplicama 26.12.2025."]
[Site "Varazdinske Toplice, Croatia"]
[Date "2025.12.26"]
[Round "2.1"]
[White "Segovic, Goran"]
[Black "Matkun, Josip"]
[Result "1-0"]
[TimeControl "10"]
[WhiteFideId "14508842"]
[BlackFideId "14513765"]
[WhiteElo "2324"]
[BlackElo "1832"]

1. e4 c5 2. Nf3 d6 3.
d4 cxd4 4. Nxd4 Nf6 5. Nc3 a6 6.
h3 e6 7. g4 h6 8. Bg2 Be7 9. Be3 Qc7 10. Qd2 Nc6 11.
Nxc6 bxc6 12. f4 Nd7 13. O-O-O Rb8 14. h4 Nb6 15. b3 a5 16. g5 d5 17. Bd4 Nc4 18. Qf2 e5 19. fxe5 Nxe5 20.
exd5 c5 21. d6 Bxd6 22. Nd5 Qd7 23. Bxe5 Kf8 24. Bxd6+ Qxd6 25. Nf6 Qe5 26. Rd8+ Ke7 27. Re1 Qxe1+ 28. Qxe1+ Kxd8 29. Qxa5+ 1-0

[Event "Božićni turnir u VaraždinskimToplicama 26.12.2025."]
[Site "Varazdinske Toplice, Croatia"]
[Date "2025.12.26"]
[Round "2.2"]
[White "Jarnjak, Zlatko"]
[Black "Petrus, Adrian"]
[Result "0-1"]
[TimeControl "10"]
[WhiteFideId "79305938"]
[BlackFideId "14573652"]
[WhiteElo "1644"]
[BlackElo "1636"]

1. d4 Nf6 2. Nf3 d5 3. e3 c5 4.
b3 Nc6 5. Bb2 Bg4 6. Nbd2 e6 7. h3 Bh5 8. g4 Bg6 9. Bb5 Nd7 10. h4 f6 11. dxc5 Qa5 12. Bxc6 bxc6 13. Nd4 e5 14.
h5 Bf7 15. Nf5 Nxc5 16. O-O g6 17. Ng3 gxh5 18. c4 Nd3 19. cxd5 cxd5 20. Qf3 Be7 21. Nc4 Qc7 22. Nf5 hxg4 23.
Qe2 dxc4 24. Nxe7 Qxe7 25. bxc4 O-O-O 26. c5 Be6 27. Rfd1 Nxb2 28. Qa6+ Kb8 29. Rab1 Ka8 0-1

[Event "Božićni turnir u VaraždinskimToplicama 26.12.2025."]
[Site "Varazdinske Toplice, Croatia"]
[Date "2025.12.26"]
[Round "2.3"]
[White "Vidovic, Sasa"]
[Black "Novak, Milan"]
[Result "1-0"]
[TimeControl "10"]
[WhiteFideId "14505010"]
[BlackFideId "14532409"]
[WhiteElo "2202"]
[BlackElo "1853"]

1. d4 Nf6 2. Bg5 d5 3. Nf3 e6 4. e3 Be7 5. Bd3 c5 6. c3 Nc6 7. Nbd2 Qc7 8. Bh4 O-O 9. Bg3 Bd6 10.
dxc5 Bxg3 11. hxg3 a5 12.
Nd4 e5 13. Bxh7+ Nxh7 14. Qh5 Re8 15. Qxh7+ Kf8 16. Nb5 Qd7 17. Nd6 Rd8 18. Qh8+ Ke7 19. Qxg7 Qe6 20. Rh6 1-0

[Event "Božićni turnir u VaraždinskimToplicama 26.12.2025."]
[Site "Varazdinske Toplice, Croatia"]
[Date "2025.12.26"]
[Round "2.4"]
[White "Fodor, Ivan"]
[Black "Radic, Goran"]
[Result "0-1"]
[TimeControl "10"]
[WhiteFideId "14509890"]
[BlackFideId "14533995"]
[WhiteElo "1855"]
[BlackElo "2051"]

1. e4 d6 2. Nf3 e5 3. c3 Nd7 4. Be2 Ngf6 5. d3 Be7 6. O-O O-O 7. h3 c6 8. Nh2 Qc7 9. f4 d5 10. fxe5 Nxe5 11. d4 Qb6 12. exd5 cxd5 13.
Qb3 Qxb3 14. axb3 Nc6 15. Na3 a6 16. Bf4 Re8 17. Bd3 Be6 18. Nc2 Rad8 19. Nf3 h6 20. b4 Ne4 21. b5 axb5 22. Bxb5 Ra8 23. Ne5 Rec8 24.
Rxa8 Rxa8 25. Bxc6 bxc6 26. Nxc6 Bf8 27. Ra1 Rc8 28. N2b4 g5 29. Bc1 Bd6 30. g4 h5 31. gxh5 Bxh3 32.
Na7 Re8 33. Nxd5 Kg7 34. Nb5 Bg3 35. Be3 f5 36. Ra7+ Kh6 37. Ra6+ Kxh5 38. Nbc7 Rb8 39. b4 f4 40. Bc1 Kg4 41.
Ne6 Kf3 42. Ra3 Bf2+ 43. Kh2 Bxe6 44. c4+ Kg4 45. Kg2 0-1

[Event "Božićni turnir u VaraždinskimToplicama 26.12.2025."]
[Site "Varazdinske Toplice, Croatia"]
[Date "2025.12.26"]
[Round "2.5"]
[White "Zelenika, Zoran"]
[Black "Krizanic, Petar"]
[Result "1-0"]
[TimeControl "10"]
[WhiteFideId "14534452"]
[BlackFideId "14549557"]
[WhiteElo "2031"]
[BlackElo "1472"]

1. Nf3 d5 2. g3 Nf6 3. Bg2 Bf5 4. O-O e6 5. d4 Be7 6. c4 O-O 7. Nc3 dxc4 8.
Qa4 c6 9. Qxc4 Nbd7 10. Nh4 Nb6 11. Qb3 Bg6 12. Nxg6 hxg6 13. Rd1 Nfd5 14. e4 Nf6 15. h3 Qc7 16. Bf4 Qc8 17. Rac1 Rd8 18. d5 exd5 19. exd5 Qf5 20. dxc6 bxc6 21.
Bxc6 Rxd1+ 22. Rxd1 Rc8 23. Bg2 g5 24. Be3 g4 25. h4 Nc4 26. Bd4 Bd6 27. Bxf6 Qxf6 28. Ne4 Qe6 29. Nxd6 Nxd6 30.
Qxe6 fxe6 31. Rxd6 Rc1+ 32. Kh2 Rc2 33. Kg1 Rxb2 34. Ra6 Rb1+ 35. Bf1 Kf7 36.
Rxa7+ Kf6 37. Kg2 Rb2 38. Ra6 g6 39. Bc4 1-0

[Event "Božićni turnir u VaraždinskimToplicama 26.12.2025."]
[Site "Varazdinske Toplice, Croatia"]
[Date "2025.12.26"]
[Round "2.6"]
[White "Klement, Dubravko"]
[Black "Mravunac, Damir"]
[Result "0-1"]
[TimeControl "10"]
[WhiteFideId "14515431"]
[BlackFideId "14502810"]
[WhiteElo "1790"]
[BlackElo "2044"]

1. d4 e6 2. Nf3 f5 3. Nc3 Bb4 4. Bd2 b6 5. a3 Bxc3 6. Bxc3 Nf6 7. g3 Bb7 8. Bg2 O-O 9. O-O d6 10. Re1 Qe8 11. b3 Nbd7 12. Bb2 Qh5 13. h3 h6 14. c4 Be4 15.
Nh2 Bxg2 16. Kxg2 Ne4 17. e3 Qg6 18. Nf3 Rf7 19. Nh4 Qh7 20. f3 Nef6 21. Kh2 g5 22. Ng2 Raf8 23. Qe2 g4 24. hxg4 fxg4 25. f4 Qe4 26.
Nh4 d5 27. Rac1 Rg7 28. Qg2 Qxg2+ 29. Kxg2 c6 30. f5 Re7 31. fxe6 Rxe6 32. Nf5 Ne4 33. Rf1 Ref6 34. Nh4 Rf2+ 35. Rxf2 Rxf2+ 36. Kg1 Rxb2 37. Nf5 h5 38. Ne7+ Kf7 39.
Nxc6 dxc4 40. bxc4 Nxg3 41. Re1 h4 42. Nb4 h3 43. Rf1+ Nxf1 44. Kxf1 h2 45. Nd3 0-1

[Event "Božićni turnir u VaraždinskimToplicama 26.12.2025."]
[Site "Varazdinske Toplice, Croatia"]
[Date "2025.12.26"]
[Round "2.9"]
[White "Bozinovic, Bogdan"]
[Black "Fucek, Gordan"]
[Result "1-0"]
[TimeControl "10"]
[WhiteFideId "14502593"]
[BlackFideId "14513030"]
[WhiteElo "2129"]
[BlackElo "1762"]

1. d4 Nf6 2. c4 g6 3. Nc3 Bg7 4. e4 d6 5. Nge2 O-O 6. Ng3 e5 7. d5 a5 8. Be2 Na6 9. h4 h5 10.
Bg5 Nc5 11. Bxh5 Qd7 12. Be2 Nh7 13. Be3 b6 14. h5 g5 15. h6 Bh8 16. Qd2 Qe7 17. O-O-O Bd7 18. Rdg1 a4 19. Qd1 c6 20.
Bg4 b5 21. Bxd7 Qxd7 22. dxc6 Qxc6 23. cxb5 Qc8 24. Nf5 Ra7 25. Qxd6 Nxe4 26. Qc6 Rc7 27. Qxe4 Rxc3+ 28. bxc3 Qxc3+ 29. Kd1 Rd8+ 30. Ke2 Nf6 31. h7+ Kf8 32. Rc1 Nxe4 33. Rxc3 Nxc3+ 34. Kf3 e4+ 35. Kg4 Rd5 36. b6 Rb5 37. a3 Nd5 38. Bd4 Bxd4 39. Nxd4 Nf6+ 40.
Kg3 Rxb6 41. h8=Q+ Ke7 42. Ra1 1-0

[Event "Božićni turnir u VaraždinskimToplicama 26.12.2025."]
[Site "Varazdinske Toplice, Croatia"]
[Date "2025.12.26"]
[Round "2.10"]
[White "Brnadic, Grga"]
[Black "Vukmirovic, Dusan"]
[Result "0-1"]
[TimeControl "10"]
[WhiteFideId "14578999"]
[BlackFideId "938785"]
[WhiteElo "1387"]
[BlackElo "2082"]

1. e4 c5 2. Nc3 e6 3.
Nge2 Nc6 4. g3 e5 5. Bg2 d6 6. O-O Bg4 7. f3 Be6 8.
a3 Qd7 9. d3 Bh3 10. f4 Bxg2 11.
Kxg2 f6 12. Nd5 Nge7 13. Nec3 h5 14. f5 O-O-O 15. b4 Kb8 16. bxc5 dxc5 17. Be3 Nd4 18. Nxe7 Bxe7 19. Nd5 Rc8 20. c3 Nc6 21. Rf2 c4 22.
Rb2 Na5 23. Rab1 Bc5 24. Rb5 Bxe3 25. Rxa5 Bb6 26. Nxb6 axb6 27. Rxb6 Qxd3 28. Qe1 Qc2+ 29. Kg1 Rhd8 30. Rd5 Rxd5 31. exd5 Rd8 32. d6 Qd3 33. Kg2 Qd5+ 34.
Kg1 Rxd6 35. Rxd6 Qxd6 36. Qe2 Qd3 37. Qxh5 Qe3+ 38. Kg2 Qxc3 39. Qh8+ Ka7 40. Qxg7 Qc2+ 41. Kg1 Qxf5 42. Qc7 Qb1+ 43. Kg2 Qe4+ 44.
Kh3 Qd5 45. a4 e4 46. a5 Qc6 47. Qf4 c3 48. Qe3+ Ka8 49. a6 c2 50. axb7+ Kxb7 51. Qb3+ Kc8 52. Qg8+ Kc7 0-1

[Event "Božićni turnir u VaraždinskimToplicama 26.12.2025."]
[Site "Varazdinske Toplice, Croatia"]
[Date "2025.12.26"]
[Round "2.11"]
[White "Mitrovic, Boris"]
[Black "Hanjs, Vladimir"]
[Result "1-0"]
[TimeControl "10"]
[WhiteFideId "14610655"]
[BlackFideId "14531267"]
[WhiteElo "1968"]
[BlackElo "1777"]

1. Nf3 d5 2. e3 Nf6 3.
c4 c6 4. Nc3 Bg4 5. h3 Bh5 6. d4 e6 7. Be2 Be7 8. O-O O-O 9. Ne5 Bxe2 10. Qxe2 Nbd7 11. Rd1 a6 12. a3 Qc7 13. f4 Ne4 14. cxd5 exd5 15. Nxe4 dxe4 16.
Qc2 Nf6 17. Bd2 Qd6 18. Bb4 Qe6 19. f5 Qxf5 20. Bxe7 Rfe8 21. Bxf6 Qxf6 22. Rf1 Qe6 23. Rxf7 Re7 24. Rxe7 Qxe7 25.
Qxe4 Re8 26. Rf1 Qg5 27. Qf4 1-0

[Event "Božićni turnir u VaraždinskimToplicama 26.12.2025."]
[Site "Varazdinske Toplice, Croatia"]
[Date "2025.12.26"]
[Round "2.13"]
[White "Sardi, Darko"]
[Black "Mundja, Zlatko"]
[Result "1-0"]
[TimeControl "10"]
[WhiteFideId "14511100"]
[BlackFideId "14593971"]
[WhiteElo "1905"]
[BlackElo "1479"]

1. e4 d5 2. exd5 Qxd5 3. Nc3 Qd6 4. Nf3 Nf6 5. d4 a6 6. Be2 b5 7. O-O Bb7 8. h3 Nbd7 9. Be3 e6 10. Qd2 c5 11. dxc5 Nxc5 12. Qxd6 Bxd6 13. Rad1 Be7 14.
Ne5 Nd5 15. Nxd5 Bxd5 16. b3 O-O 17. Bxc5 Bxc5 18. Nd7 Rfc8 19. b4 Ba7 20. a4 Rd8 21. Nc5 Bxc5 22. bxc5 bxa4 23. Ra1 Rdc8 24. Rxa4 Rxc5 25. Bd3 Bc6 26.
Ra3 Bb5 27. Be4 Bxf1 28. Bxa8 Bb5 29. Ra2 g6 30. Bb7 a5 31. Rxa5 Rf5 32. Be4 Rc5 33. Bd3 Bxd3 34. Rxc5 Be4 35.
f3 Bd5 36. c4 Bb7 37. Rc7 Ba6 38.
c5 Kf8 39. Ra7 Bb5 40. Kf2 h5 41. h4 Kg7 42. Ke3 e5 43.
Rb7 Bc6 44. Rb6 Bd5 45. c6 f5 46. c7 f4+ 47. Kf2 e4 48. fxe4 Bxe4 49. c8=Q 1-0

[Event "Božićni turnir u VaraždinskimToplicama 26.12.2025."]
[Site "Varazdinske Toplice, Croatia"]
[Date "2025.12.26"]
[Round "2.14"]
[White "Kodric, Vladimir"]
[Black "Bozinovic, Mario"]
[Result "1-0"]
[TimeControl "10"]
[WhiteFideId "14604264"]
[BlackFideId "14561360"]
[WhiteElo "1920"]
[BlackElo "1607"]

1. d4 f5 2. c3 Nf6 3. Nf3 g6 4. Bf4 Bg7 5. h3 O-O 6. e3 d6 7. Be2 Qe8 8. O-O Nh5 9. Bh2 e5 10.
dxe5 dxe5 11. Qd5+ Kh8 12. Bxe5 Nf6 13. Qd1 c6 14. Nbd2 Nbd7 15. Bh2 Nc5 16. Nb3 Ne6 17. Qc2 Nd5 18.
Nbd4 f4 19. e4 Nxd4 20. cxd4 Nb6 21. Bd3 h6 22. Rad1 g5 23. Rfe1 Qh5 24. Be2 g4 25. hxg4 Bxg4 26. e5 Rae8 27.
Kh1 Nd5 28. Ng1 Rxe5 29. dxe5 f3 30. Bxf3 Bxf3 31. Nxf3 Rxf3 32. gxf3 Qxf3+ 33. Kg1 Qg4+ 34. Bg3 h5 35. Qe4 Nf4 1-0

[Event "Božićni turnir u VaraždinskimToplicama 26.12.2025."]
[Site "Varazdinske Toplice, Croatia"]
[Date "2025.12.26"]
[Round "2.15"]
[White "Pucan, Vlado"]
[Black "Srsan, Matija"]
[Result "0-1"]
[TimeControl "10"]
[WhiteFideId "14568209"]
[BlackFideId "14520001"]
[WhiteElo "1638"]
[BlackElo "1942"]

1. e4 c5 2. Ne2 e6 3. d3 Nc6 4. c3 d5 5. exd5 exd5 6. d4 c4 7. Be3 Bg4 8. Nd2 Bd6 9. Qc2 Nge7 10.
Nf3 O-O 11. h3 Bf5 12. Qd2 Re8 13. Ng3 Bxg3 14. fxg3 Bg6 15. Be2 Nf5 16. Bf2 Qe7 17. g4 Nd6 18. Kf1 Ne4 19. Qf4 Nxf2 20.
Kxf2 Qxe2+ 21. Kg3 Qe3 22.
Qd6 Qe6 23. Qf4 Be4 24. Ng5 Qf6 25. Rhf1 Qxf4+ 26. Rxf4 f6 27. Nxe4 Rxe4 28. Rf3 Rae8 29. Raf1 Re3 30. R1f2 g6 31.
h4 Kg7 32. Kf4 R8e4+ 33. Kg3 Ne7 34.
Kh3 f5 35. g5 Rxf3+ 36. gxf3 Re1 37. Kg3 Kf7 38. Kf4 Nc6 39. Rh2 Nd8 40. h5 Ne6+ 41. Kg3 Nxg5 42. hxg6+ Kxg6 43. Kf4 Ne6+ 44. Kg3 f4+ 45. Kf2 Rb1 46.
Rg2+ Ng5 47. Rg4 h5 48. Rh4 Rxb2+ 49. Kf1 Ne6 50. Rh3 Rxa2 51. Rh4 a5 52. Ke1 a4 53. Kd1 a3 54. Kc1 Rf2 55. Kb1 Rxf3 56. Rh1 Rxc3 57.
Re1 Re3 58. Rg1+ Kf5 59. Rg8 Nxd4 60. Rf8+ Ke4 61. Re8+ Kd3 62. Ka2 Rxe8 0-1